 Dungeon Crawl Stone Soup version 0.26.1-2-gb8aa6d0cf2 (webtiles) character file.

Game seed: 6735257959250927550

184 funkygono the Stinger (level 5, -4/31 HPs)
             Began as an Octopode Venom Mage on Mar 12, 2021.
             Slain by an ice beast (14 damage)
             ... on level 3 of the Dungeon on Mar 13, 2021.
             The game lasted 00:09:42 (3446 turns).

funkygono the Stinger (Octopode Venom Mage)         Turns: 3446, Time: 00:09:43

Health: -4/31      AC:  1    Str:  7    XL:     5   Next: 63%
Magic:  7/10       EV: 13    Int: 18    God:
Gold:   143        SH:  0    Dex: 13    Spells: 4/10 levels left

rFire    . . .     SeeInvis .   k - +3 quarterstaff (chaos)
rCold    . . .     Faith    .   (shield currently unavailable)
rNeg     . . .     Spirit   .   (helmet restricted)
rPois    .         Reflect  .   (no amulet)
rElec    .         Harm     .   (no ring)
rCorr    .         Rampage  .   (no ring)
Will     .....                  (no ring)
Stlth    +++.......             (no ring)
HPRegen  0.10/turn              (no ring)
MPRegen  0.12/turn              (no ring)
                                (no ring)
                                (no ring)

@: no status effects
A: almost no armour, stealthy swim, amphibious, 8 rings, constrict 8, camouflage
1, gelatinous body 1
a: no special abilities


You were on level 3 of the Dungeon.
You visited 1 branch of the dungeon, and saw 3 of its levels.

You collected 143 gold pieces.

Inventory:

Hand Weapons
 d - a +2 dagger of venom
 g - a +2 dagger of flaming
 k - a +3 quarterstaff of chaos (weapon)
Scrolls
 a - 3 scrolls of random uselessness {unknown}
 b - 3 scrolls of identify
 c - 3 scrolls of remove curse
 e - a scroll of noise {unknown}
 j - a scroll of teleportation {unknown}
Potions
 f - a potion of resistance
 h - a potion of curing
 i - a potion of mutation {unknown}
 l - 2 potions of flight


   Skills:
 + Level 2.1 Dodging
 + Level 2.9 Stealth
 * Level 3.4 Spellcasting
 * Level 1.7 Transmutations
 * Level 0.7 Fire Magic
 * Level 0.7 Air Magic
 * Level 5.5 Poison Magic


You had 4 spell levels left.
You knew the following spells:

 Your Spells              Type           Power        Failure   Level
a - Sting                 Tmut/Pois      64%          3%          1
b - Poisonous Vapours     Pois/Air       28%          7%          2
c - Ignite Poison         Fire/Tmut/Pois 12%          16%         3

Your spell library contained the following spells:

 Spells                   Type           Power        Failure   Level
 Olgreb's Toxic Radiance  Pois           23%          16%         4
 Mephitic Cloud           Conj/Pois/Air  10%          21%         3


Dungeon Overview and Level Annotations

Branches:
Dungeon (3/15)

Altars:


Innate Abilities, Weirdness & Mutations

You cannot wear most types of armour.
You are very stealthy in the water. (Stealth+)
You are amphibious.
You can wear up to eight rings at the same time.
You can use your tentacles to constrict eight enemies at once.
Your skin changes colour to match your surroundings (Stealth+).
Your rubbery body absorbs attacks. (AC +1, EV +1)


Message History

Casting: Sting (safe; 3% risk of failure)
Confirm with . or Enter, or press ? or * to list all spells.
Aiming: Sting (safe; 3% risk of failure)
Press: ? - help, Shift-Dir - straight line, f/p - ice beast
Aim: an ice beast (lightly wounded, very poisoned, 26% to evade)
The sting hits the ice beast but does no damage.
The ice beast looks even sicker.
The ice beast is lightly wounded.
The ice beast hits you. The ice beast freezes you.
The hobgoblin hits you but does no damage.
You see here a +4 dagger.
Casting: Sting (safe; 3% risk of failure)
Confirm with . or Enter, or press ? or * to list all spells.
Aiming: Sting (safe; 3% risk of failure)
Press: ? - help, Shift-Dir - straight line, f/p - ice beast
Aim: an ice beast (heavily wounded, poisoned, 26% to evade)
The sting hits the ice beast.
The ice beast looks even sicker.
The ice beast is heavily wounded.
The ice beast hits you. The ice beast freezes you!
You die...

#.###......###.###.#.#
#..##......###.......#
##.##....)..##.##.##.#
#.##.##.#..##..[....#
#.##.##.#..##.......#
#...[.........##.####
#######.##.#####.#######
## #.......##........ .#
#@##.##>##..#####. .#
##Y##.##(##..#####. .#
#.g..........##....
.####
#..#####........##.
....#
#..#####.##..#.###[
..#.#
##........##........
..#.####
#...#####.#......###
..#....# #...#
##.#.#<#..# ######.#
#.).# #.......[.#


You could see an ice beast (very poisoned) and a hobgoblin.

Vanquished Creatures
  An orc priest (D:3)
  Crazy Yiuf (D:2)
  4 adders
  An ooze (D:3)
  3 worms
  2 dart slugs
  3 leopard geckos
  8 orcs (D:3)
  5 bats
  3 giant cockroaches
  4 hobgoblins
  2 jackals (D:2)
  4 frilled lizards
  6 goblins
  11 kobolds
  8 rats
66 creatures vanquished.

Notes
Turn   | Place    | Note
-------+----------+-------------------------------------------
     0 | D:1      | funkygono the Octopode Venom Mage began the quest for the
                  | Orb.
     0 | D:1      | Reached XP level 1. HP: 11/11 MP: 3/3
   229 | D:1      | Reached XP level 2. HP: 17/17 MP: 1/5
   294 | D:1      | Reached skill level 4 in Poison Magic
   856 | D:2      | Learned a level 2 spell: Poisonous Vapours
   944 | D:2      | Reached XP level 3. HP: 21/21 MP: 0/6
   948 | D:2      | Learned a level 3 spell: Ignite Poison
  1732 | D:2      | Found a runed translucent door.
  1733 | D:2      | Noticed Crazy Yiuf
  1747 | D:2      | Killed Crazy Yiuf
  1748 | D:2      | Reached skill level 5 in Poison Magic
  1748 | D:2      | Reached XP level 4. HP: 27/27 MP: 2/7
  2464 | D:3      | Reached XP level 5. HP: 31/31 MP: 2/9
  3357 | D:3      | Noticed an ice beast
  3446 | D:3      | Slain by an ice beast

Illustrated notes

Levels and vault maps discovered:
D:1:      psy_arrival_statuary, layout_loops_ring
D:2:      layout_loops_ring, uniq_crazy_yiuf_cottage
D:3:      layout_loops_cross, portal_sewer_entry_b, chequers_avenue

Skill      XL: |  1  2  3  4  5 |
---------------+----------------+-----
Poison Magic   | 4 5 |  5.5
Spellcasting   | 3 |  3.4
Dodging        | |  2.1
Stealth        | |  2.9
Transmutations | |  1.7
Fire Magic     | |  0.7
Air Magic      | |  0.7

Action                   |  1- 3 |  4- 6 || total
-------------------------+-------+-------++-------
Melee: Quarterstaff      |       |     2 ||     2
 Cast: Sting             |    42 |    34 ||    76
       Poisonous Vapours |    14 |    21 ||    35
       Ignite Poison     |     1 |       ||     1
  Use: Scroll            |     1 |     7 ||     8
Armor: Skin              |       |     2 ||     2
Dodge: Dodged            |     5 |    13 ||    18
